 Dungeon Crawl Stone Soup version 0.27-b1-42-g19c61b19a5 (webtiles) character file.

Game seed: 17263335827270870371

4930 frimble the Tainter (level 10, -4/63 HPs)
             Began as an Octopode Venom Mage on July 30, 2021.
             Was a Follower of Cheibriados.
             Slain by a two-headed ogre (30 damage)
             ... on level 8 of the Dungeon.
             The game lasted 00:16:29 (12077 turns).

frimble the Tainter (Octopode Venom Mage)          Turns: 12077, Time: 00:16:30

Health: -4/63      AC:  1    Str: 16    XL:     10   Next: 52%
Magic:  17/17      EV: 16    Int: 25    God:    Cheibriados [*.....]
Gold:   406        SH:  0    Dex: 15    Spells: 12/19 levels left

rFire    . . .     SeeInvis +   d - +2 demon blade (elec)
rCold    + . .     Faith    .   (no shield)
rNeg     . . .     Spirit   .   (helmet restricted)
rPois    .         Reflect  .   (no amulet)
rElec    .         Harm     .   c - ring of protection from cold
rCorr    .         Rampage  .   h - ring of willpower
Will     +....                  m - ring of see invisible
Stlth    ++++......             q - +6 ring of strength
HPRegen  0.20/turn              (no ring)
MPRegen  0.15/turn              (no ring)
                                (no ring)
                                (no ring)

@: very slow
A: almost no armour, amphibious, 8 rings, camouflage 1, gelatinous body 1,
(nimble swimmer 1), tentacles
a: Renounce Religion, Bend Time


You were on level 8 of the Dungeon.
You worshipped Cheibriados.
Cheibriados was aware of your devotion.
You visited 2 branches of the dungeon, and saw 10 of its levels.

You collected 406 gold pieces.

Inventory:

Hand Weapons
 d - a +2 demon blade of electrocution (weapon)
Missiles
 o - 2 curare-tipped darts (quivered)
 p - 43 poisoned darts
Jewellery
 c - a ring of protection from cold (left tentacle)
 h - a ring of willpower (right tentacle)
 m - a ring of see invisible (on tentacle)
 q - a +6 ring of strength (on tentacle)
 z - a +6 ring of strength
Wands
 b - a wand of polymorph (21)
 f - a wand of mindburst (10)
Scrolls
 l - 6 scrolls of enchant armour
 s - 2 scrolls of fog
 t - 3 scrolls of amnesia
 u - a scroll of fear
 v - 2 scrolls of identify
 w - a scroll of blinking
 y - a scroll of teleportation
Potions
 a - 3 potions of attraction
 e - a potion of curing
 g - 2 potions of haste
 i - a potion of might
 j - a potion of heal wounds
 k - a potion of flight {unknown}
 n - 4 potions of brilliance {unknown}
 r - 2 potions of mutation {unknown}
 x - a potion of berserk rage {unknown}


   Skills:
 - Level 4.0 Fighting
 - Level 3.0(4.3) Short Blades
 - Level 4.7(5.2) Long Blades
 - Level 6.0 Throwing
 - Level 7.6 Dodging
 - Level 6.0 Stealth
 - Level 5.0 Spellcasting
 + Level 0.0 Translocations
 - Level 1.0 Transmutations
 - Level 8.1 Poison Magic
 - Level 2.1 Invocations
 - Level 2.1 Evocations


You had 12 spell levels left.
You knew the following spells:

 Your Spells              Type           Power      Damage    Failure   Level
a - Sting                 Tmut/Pois      100%       1d8       1%          1
b - Olgreb's Toxic Radia  Pois           46%        N/A       3%          4
c - Blink                 Tloc           N/A        N/A       12%         2

Your spell library contained the following spells:

 Spells                   Type           Power      Damage    Failure   Level
 Poisonous Vapours        Pois/Air       52%        N/A       2%          2
 Mephitic Cloud           Conj/Pois/Air  19%        N/A       9%          3
 Static Discharge         Conj/Air       6%         N/A       12%         2
 Dazzling Flash           Conj/Hex       12%        N/A       24%         3
 Lesser Beckoning         Tloc           3%         N/A       24%         3
 Dispel Undead            Necr           6%         3d8       63%         4
 Sticky Flame             Conj/Fire      6%         2d3       63%         4
 Agony                    Necr           6%         N/A       92%         5
 Freezing Cloud           Conj/Ice/Air   3%         6-21      92%         5
 Manifold Assault         Tloc           6%         N/A       92%         5
 Silence                  Hex/Air        3%         N/A       92%         5
 Simulacrum               Ice/Necr       3%         N/A       100%        6
 Polar Vortex             Ice            3%         N/A       100%        9


Dungeon Overview and Level Annotations

Branches:
Dungeon (9/15)             Temple (1/1) D:7
   Lair: D:8-11         Orc: D:9-12

Altars:
Cheibriados
Fedhas
Gozag
Hepliaklqana
Makhleb
Nemelex Xobeh
Qazlal
Vehumet
The Shining One

Shops:
D:9 (

Annotations:
D:2 Sigmund
D:8 exclusion: ice statue


Innate Abilities, Weirdness & Mutations

You cannot wear most types of armour.
You are amphibious.
You can wear up to eight rings at the same time.
Your skin changes colour to match your surroundings (Stealth+).
Your rubbery body absorbs attacks. (AC +1, EV +1)
((You are camouflaged near water. (Stealth+)))
You have tentacles for arms and can constrict up to eight enemies at once.


Message History

The ufetubus shouts! x3; You hear a shout!
Memorise Blink, consuming 2 spell levels and leaving 12?
You start memorising the spell.
You continue memorising. x2
You finish memorising.
Spell assigned to 'c'.
(D) Dungeon (T) Temple
Where to? (Enter - D:8, ? - help)
An orc comes into view. It is wielding a +0 dagger.
A two-headed ogre comes into view. It is wielding two +0 giant clubs.
An orc warrior comes into view. It is wielding a +3 mace.
The two-headed ogre shouts in stereo!
The orc warrior shouts!
The orc shouts!
You hear a shout!
An orc priest comes into view. It is wielding a +0 flail.
The orc priest mumbles some strange prayers to Beogh against you.
Beogh smites you!
You hit the two-headed ogre.
Your squeeze misses the two-headed ogre.
The two-headed ogre is lightly wounded.
The two-headed ogre barely misses you. The two-headed ogre misses you.
You barely miss the two-headed ogre.
The two-headed ogre is lightly wounded.
The orc priest looks braver for a moment.
You hit the two-headed ogre.
Your squeeze misses the two-headed ogre.
The two-headed ogre is lightly wounded.
The two-headed ogre misses you.
The two-headed ogre hits you with a +0 giant club.
A killer bee zombie comes into view.
You barely miss the two-headed ogre.
The two-headed ogre is lightly wounded.
The two-headed ogre hits you with a +0 giant club!
The two-headed ogre barely misses you.
You slash the two-headed ogre! You squeeze the two-headed ogre.
The two-headed ogre is heavily wounded.
The two-headed ogre barely misses you. x2
You hit the two-headed ogre.
Lightning courses through the two-headed ogre!
The two-headed ogre is severely wounded.
The two-headed ogre hits you with a +0 giant club.
The two-headed ogre hits you with a +0 giant club!!
You die...

#.##.......##45...≈≈
#.#.......###≈≈≈≈≈≈≈#
#.........##..≈≈≈≈≈..
#..............###...
##.........###..#
##........# #...###
##.....#.# #.....
########...##.#####.####
..ZoooO@..###.......#
########### #######.# #
## #.###. #..... ######
#


You could see a two-headed ogre, an orc warrior, an orc priest, an orc and a
killer bee zombie.

Vanquished Creatures
  2 two-headed ogres (D:9)
  Maggie (D:6)
  A kobold demonologist (D:9)
  Prince Ribbit (D:6)
  Eustachio (D:6)
  A yak (D:8)
  An orc warrior (D:9)
  A hornet zombie (D:7)
  A black bear (D:5)
  3 necrophages
  3 ogres (D:5)
  2 centaurs
  Blork the orc (D:6)
  2 bullfrogs
  3 scorpions
  A water moccasin skeleton (D:4)
  8 wights (D:9)
  4 killer bees (D:9)
  3 centaur zombies
  A centaur skeleton (D:6)
  3 hounds
  A bullfrog skeleton (D:7)
  2 bullfrog zombies
  2 orc priests
  Crazy Yiuf (D:3)
  2 iguanas
  3 orc wizards
  6 adders
  3 gnolls (D:3)
  2 river rats (D:3)
  A shadow imp (D:7)
  5 white imps
  An ufetubus (D:8)
  An adder skeleton (D:5)
  4 worms (D:3)
  3 dart slugs
  18 orcs
  8 bats
  10 endoplasms
  4 giant cockroaches
  8 goblins
  10 hobgoblins
  5 jackals
  2 quokkas
  4 ball pythons
  8 frilled lizards
  3 kobolds
  7 rats
168 creatures vanquished.

Vanquished Creatures (others)
  An orc wizard (D:5)
1 creature vanquished.

Grand Total: 169 creatures vanquished

Notes
Turn   | Place    | Note
-------+----------+-------------------------------------------
     0 | D:1      | frimble the Octopode Venom Mage began the quest for the
                  | Orb.
     0 | D:1      | Reached XP level 1. HP: 11/11 MP: 3/3
   169 | D:1      | Reached skill level 4 in Poison Magic
   184 | D:1      | Found a faded altar of an unknown god.
   244 | D:1      | Reached XP level 2. HP: 5/17 MP: 3/5
  1449 | D:2      | Reached skill level 5 in Poison Magic
  1449 | D:2      | Reached XP level 3. HP: 13/21 MP: 0/6
  1686 | D:2      | Noticed Sigmund
  1947 | D:2      | Reached XP level 4. HP: 24/27 MP: 7/7
  2270 | D:2      | Reached skill level 6 in Poison Magic
  3078 | D:3      | Learned a level 4 spell: Olgreb's Toxic Radiance
  3118 | D:3      | Reached XP level 5. HP: 15/31 MP: 5/8
  3520 | D:3      | Reached skill level 7 in Poison Magic
  3967 | D:3      | Found a runed translucent door.
  3968 | D:3      | Noticed Crazy Yiuf
  4252 | D:3      | Killed Crazy Yiuf
  4253 | D:3      | Reached skill level 8 in Poison Magic
  4253 | D:3      | Reached XP level 6. HP: 9/36 MP: 4/9
  5327 | D:4      | Noticed a necrophage
  5338 | D:5      | Entered Level 5 of the Dungeon
  5485 | D:5      | Reached skill level 1 in Fighting
  5485 | D:5      | Reached skill level 1 in Throwing
  5568 | D:5      | Reached XP level 7. HP: 39/43 MP: 5/11
  6010 | D:5      | Reached skill level 1 in Short Blades
  6108 | D:5      | Reached XP level 8. HP: 51/51 MP: 9/14
  6281 | D:5      | Reached skill level 5 in Stealth
  7110 | D:6      | Noticed Maggie
  7138 | D:6      | Killed Maggie
  7172 | D:6      | Noticed Eustachio
  7196 | D:6      | Killed Eustachio
  7197 | D:6      | Reached skill level 5 in Spellcasting
  7666 | D:6      | Noticed Prince Ribbit
  7685 | D:6      | Killed Prince Ribbit
  7686 | D:6      | Reached XP level 9. HP: 43/58 MP: 9/16
  8377 | D:6      | Noticed Blork the orc
  8391 | D:6      | Killed Blork the orc
  8798 | D:7      | Found a staircase to the Ecumenical Temple.
  8811 | Temple   | Entered the Ecumenical Temple
  8824 | Temple   | Became a worshipper of Cheibriados the Contemplative
  8900 | D:7      | Found a stormy altar of Qazlal.
  9410 | D:8      | Noticed an ice devil
  9594 | D:8      | Noticed an ice devil
  9594 | D:8      | Noticed an ice statue
  9835 | D:8      | Noticed an ice devil
  9948 | D:9      | Reached skill level 5 in Dodging
 10070 | D:8      | Identified a scroll of acquirement
 10071 | D:8      | Acquired a +2 demon blade of electrocution
 10255 | D:9      | Found Gazirrec's Weapon Shop.
 10257 | D:9      | Noticed a two-headed ogre
 10265 | D:9      | Killed a two-headed ogre
 10266 | D:9      | Reached XP level 10. HP: 63/63 MP: 6/17
 10444 | D:9      | Found a burning altar of Makhleb.
 10454 | D:9      | Reached skill level 5 in Throwing
 10945 | D:9      | Noticed a kobold demonologist
 10951 | D:9      | Killed a kobold demonologist
 10986 | D:9      | Noticed a two-headed ogre
 10993 | D:9      | Killed a two-headed ogre
 11374 | D:9      | Reached * piety under Cheibriados
 11382 | D:9      | HP: 2/60 [wight (12)]
 11384 | D:9      | Reached skill level 1 in Invocations
 11389 | D:9      | Reached skill level 1 in Evocations
 12053 | D:8      | Learned a level 2 spell: Blink
 12067 | D:8      | Noticed a two-headed ogre
 12077 | D:8      | Slain by a two-headed ogre

Illustrated notes

Levels and vault maps discovered:
D:1:      tarquinn_simple_flora_water_e, layout_loops_corners,
          dreamdust_ecumenical_altar_grove
D:2:      minmay_chambers_of_twos, layout_loops_cross, uniq_sigmund
D:3:      layout_basic, portal_sewer_entry_e, kennysheep_generic_room_3,
          uniq_crazy_yiuf_cottage
D:4:      layout_basic
D:5:      layout_cave_pools
D:6:      layout_layer_cave, uniq_eustachio, uniq_maggie, uniq_prince_ribbit1,
          uniq_blork_the_orc
D:7:      layout_gridville, mainiacjoe_overflow_six_doors_small,
          minmay_temple_entry_junction_2
D:8:      cheibrodos_frozen_isle, layout_loops_ring
D:9:      layout_basic, mainiacjoe_overflow_tiny_flanked, serial_shops, shop,
          kennysheep_cross_room
Temple:   eino_temple_water

Skill      XL: |  1  2  3  4  5  6  7  8  9 10 |
---------------+-------------------------------+-----
Poison Magic   | 4 5 6 8 |  8.1
Stealth        | 3 4 6 |  6.0
Fighting       | 1 2 4 |  4.0
Throwing       | 1 2 3 4 6 |  6.0
Spellcasting   | 4 5 |  5.0
Short Blades   | 1 3 |  3.0
Long Blades    | 2 4 |  4.7
Dodging        | 3 6 7 |  7.6
Invocations    | 2 |  2.1
Evocations     | 2 |  2.1
Transmutations | |  1.0

Action                   |  1- 3 |  4- 6 |  7- 9 | 10-12 || total
-------------------------+-------+-------+-------+-------++-------
Melee: Dagger            |    64 |   103 |    50 |       ||   217
       Constrict         |    21 |    19 |    22 |     6 ||    68
       Tentacles         |    17 |    15 |    31 |     6 ||    69
       Unarmed           |     1 |     6 |       |       ||     7
       Long sword        |       |       |    56 |       ||    56
       Demon blade       |       |       |     6 |    35 ||    41
Throw: Dart              |       |       |     1 |       ||     1
 Cast: Sting             |    15 |    16 |    21 |     3 ||    55
       Olgreb's Toxic Ra |       |     7 |    18 |     4 ||    29
Evoke: Wand              |       |       |       |     3 ||     3
  Use: Scroll            |       |     6 |     7 |     3 ||    16
       Potion            |       |     1 |     1 |     7 ||     9
 Stab: Sleeping          |    10 |    14 |    10 |     2 ||    36
       Confused          |       |     1 |       |       ||     1
Armor: Skin              |     7 |    18 |     7 |     7 ||    39
Dodge: Dodged            |    37 |    62 |    78 |    38 ||   215
       Rpst.: Long sword |       |       |    12 |       ||    12
       Demon blade       |       |       |       |    11 ||    11
